 Dungeon Crawl Stone Soup version 0.31-a0-841-g038b102fc3 (webtiles) character file.

Game seed: 17251306858090734526

1931 javelincjr the Trooper (level 8, -4/57 HPs)
             Began as a Demonspawn Fighter on Sept 26, 2023.
             Was a Follower of Hepliaklqana.
             Killed by divine providence
             ... invoked by an orc priest
              (12 damage)
             ... on level 6 of the Dungeon on Sept 27, 2023.
             The game lasted 00:19:31 (5347 turns).

javelincjr the Trooper (Demonspawn Fighter)         Turns: 5347, Time: 00:19:32

Health: -4/57      AC: 11    Str: 19    XL:     8   Next: 97%
Magic:  10/10      EV: 10    Int:  8    God:    Hepliaklqana [*.....]
Gold:   256        SH: 10    Dex: 16    Spells: 7/7 levels left

rFire   x . .        n - +2 dagger (venom)
rCold   + . .        c - +0 buckler
rNeg    . . .        b - +0 scale mail
rPois   .            (no helmet)
rElec   .            (no cloak)
rCorr   .            (no gloves)
SInv    .            (no boots)
Will    .....        (no amulet)
Stlth   ++           s - +4 ring of protection
HPRegen 0.29/turn    t - ring of ice
MPRegen 0.12/turn

%: no passive effects
@: no status effects
A: reduced essence, hooves 2, thin skeletal structure 2, ignite blood 1, large
bone plates 1, dopey 1
a: Renounce Religion, Recall Ancestor, Ancestor Identity


You were on level 6 of the Dungeon.
You worshipped Hepliaklqana.
Hepliaklqana was aware of your devotion.
You visited 2 branches of the dungeon, and saw 7 of its levels.

You collected 256 gold pieces.

Inventory:

Hand Weapons
 a - a +0 trident
 m - a +2 dagger of speed
 n - a +2 dagger of venom (weapon)
Missiles
 f - 5 javelins
 v - 6 poisoned darts
Armour
 b - a +0 scale mail (worn)
 c - a +0 buckler (worn)
 p - a +0 pair of boots
 x - a +2 pair of boots
 G - +0 swamp dragon scales
Jewellery
 s - a +4 ring of protection (left hand)
 t - a ring of ice (right hand)
 E - an amulet of faith
Scrolls
 g - 4 scrolls of fear {unknown}
 h - 6 scrolls of identify {unknown}
 l - a scroll of enchant armour {unknown}
 o - 3 scrolls of amnesia {unknown}
 q - a scroll of immolation {unknown}
 r - 4 scrolls of teleportation {unknown}
 w - 3 scrolls of revelation {unknown}
 y - a scroll of noise {unknown}
 A - a scroll of silence {unknown}
 B - a scroll of torment {unknown}
 C - 2 scrolls of blinking {unknown}
Potions
 d - 2 potions of might
 e - 3 potions of curing {unknown}
 i - 2 potions of lignification
 j - a potion of resistance {unknown}
 k - a potion of degeneration {unknown}
 u - a potion of attraction {unknown}
 z - 2 potions of heal wounds {unknown}
 D - a potion of brilliance
 F - a potion of enlightenment


   Skills:
 + Level 6.1 Fighting
 + Level 5.2 Polearms
 + Level 5.7 Armour
 + Level 2.2 Dodging
 + Level 5.7 Shields
 + Level 3.3 Invocations


You had 7 spell levels left.
You didn't know any spells.
Your spell library contained the following spells:

 Spells                   Type           Power      Damage    Failure   Level
 Magic Dart               Conj           0%         1d3       83%         1
 Shock                    Conj/Air       0%         1d3       83%         1
 Searing Ray              Conj           0%         2d4       92%         2
 Static Discharge         Conj/Air       0%         2-2/arc   92%         2
 Call Canine Familiar     Summ           0%         N/A       99%         3
 Sigil of Binding         Hex            0%         N/A       99%         3
 Swiftness                Air            0%         N/A       99%         3
 Airstrike                Air            0%         2d(0-16)  100%        4
 Dimensional Bullseye     Hex/Tloc       0%         N/A       100%        4
 Fulminant Prism          Conj/Hex       0%         3d5       100%        4
 Leda's Liquefaction      Hex/Erth       0%         N/A       100%        4
 Summon Lightning Spire   Summ/Air       0%         N/A       100%        4
 Malign Gateway           Summ/Tloc      0%         N/A       100%        7
 Summon Horrible Things   Summ           0%         N/A       100%        8


Dungeon Overview and Level Annotations

Branches:
Dungeon (6/15)             Temple (1/1) D:4

Altars:
Ashenzari
Cheibriados
Fedhas
Gozag
Hepliaklqana
Kikubaaqudgha
Makhleb
Nemelex Xobeh
Ru
Sif Muna
Uskayaw
Vehumet
Wu Jian
Xom

Shops:
D:2 =?=   D:5 [

Annotations:
D:6 2 transporters


Innate Abilities, Weirdness & Mutations

Your life essence is reduced to manifest your ancestor. (-10% HP)
You have hoof-like feet.
You have a moderately thin skeletal structure. (Dex +4, Stealth++)
Your demonic aura sometimes causes spilled blood to erupt in flames.
You are partially covered in large bone plates. (SH +4)
You are dopey. (Int -2)


Message History

You block the orc's attack. x2; The adder bites you.
You miss the adder. Your kick misses the adder.
The adder is moderately wounded.
You block the iguana's attack. You block the orc's attack.
The orc hits you with a +0 mace. The adder bites you but does no damage.
You closely miss the adder. Your kick misses the adder.
The adder is moderately wounded.
You block the adder's attack. The iguana bites you! You block the orc's attack.
The orc barely misses you.
You are too injured to fight recklessly!
You are too injured to fight recklessly!
You are too injured to fight recklessly!
You closely miss the adder. You kick the adder.
The adder is almost dead.
You kill the adder!
The iguana barely misses you. The orc closely misses you.
The orc hits you but does no damage.
You hit the orc priest.
The orc priest is poisoned.
You kick the orc priest.
The orc priest is heavily wounded.
The iguana bites you. The orc priest barely misses you.
The orc completely misses you. You block the orc's attack.
Xochipepe hits the orc.
You hit the orc priest.
The orc priest looks even sicker.
Your kick misses the orc priest.
The orc priest is severely wounded.
The iguana bites you.
* * * LOW HITPOINT WARNING * * *
The orc priest looks encouraged for a moment.
The orc barely misses you. You block the orc's attack.
Xochipepe hits the orc.
The orc dies!
The iguana bites you!
* * * LOW HITPOINT WARNING * * *
You block the orc's attack. The orc priest barely misses you.
You hit the orc priest. Your kick misses the orc priest.
The orc priest is almost dead.
Xochipepe hits the iguana but does no damage.
The orc hits you but does no damage.
The orc priest invokes the aid of Beogh against you.
Beogh smites you!
You die...

#######+####
##...#.......
#..#.....#... ##
#.###..[###.. ...
#..#..)..#...
....###..(#o......
......>..>@lo.....
?..##....R)......
##..#..#..#..#
#..###...###.#
#...#..#..#..#
#......##.....
##.....# .####
#.....##.#
#.....##.#


You could see the friendly Xochipepe the ancestor, an iguana, an orc priest
(very poisoned, ally target) and an orc.

Vanquished Creatures
  Pikel (D:6)
  Prince Ribbit (D:6)
  A steam dragon (D:6)
  An ice beast (D:4)
  2 scorpions
  7 hounds
  2 orc priests
  4 jellies
  2 gnoll boudas (D:4)
  A sleepcap (D:4)
  4 iguanas
  An orc wizard (D:4)
  9 adders
  6 gnolls
  A worm (D:3)
  4 dart slugs
  20 orcs
  4 bats
  8 endoplasms
  6 giant cockroaches
  9 goblins
  13 hobgoblins
  9 jackals
  3 quokkas
  12 ball pythons
  5 frilled lizards
  9 kobolds
  4 rats
149 creatures vanquished.

Vanquished Creatures (collateral kills)
  An iguana (D:5)
  An orc wizard (D:5)
  An adder (D:5)
  A white imp (D:5)
  An ufetubus (D:5)
  2 worms (D:5)
  3 orcs
10 creatures vanquished.

Grand Total: 159 creatures vanquished

Notes
Turn   | Place    | Note
-------+----------+-------------------------------------------
     0 | D:1      | javelincjr the Demonspawn Fighter began the quest for the
                  | Orb.
     0 | D:1      | Reached XP level 1. HP: 18/18 MP: 1/1
   305 | D:1      | Gained mutation: You have a somewhat thin skeletal
                  | structure. (Dex +2, Stealth+) [demonic ancestry]
   305 | D:1      | Reached XP level 2. HP: 21/24 MP: 2/2
   667 | D:1      | Gained mutation: You have a moderately thin skeletal
                  | structure. (Dex +4, Stealth++) [demonic ancestry]
   667 | D:1      | Reached XP level 3. HP: 28/29 MP: 3/3
  1006 | D:2      | Found Gaosouts's Jewellery Shoppe.
  1008 | D:2      | Found Tukhlufac's Magic Scroll Shoppe.
  1028 | D:2      | Reached XP level 4. HP: 16/35 MP: 4/4
  1165 | D:2      | Found Paodefos's Jewellery Emporium.
  1547 | D:3      | Noticed a scorpion
  1557 | D:3      | Gained mutation: You are partially covered in large bone
                  | plates. (SH +4) [potion of mutation]
  1557 | D:3      | Gained mutation: You are dopey. (Int -2) [potion of
                  | mutation]
  1557 | D:3      | Gained mutation: You have sharp toenails. [potion of
                  | mutation]
  1567 | D:3      | Killed a scorpion
  1568 | D:3      | Gained mutation: Your demonic aura sometimes causes spilled
                  | blood to erupt in flames. [demonic ancestry]
  1568 | D:3      | Reached XP level 5. HP: 16/42 MP: 5/5
  1895 | D:3      | Reached skill level 4 in Fighting
  2580 | D:4      | Found a staircase to the Ecumenical Temple.
  2600 | Temple   | Entered the Ecumenical Temple
  2622 | Temple   | Became a worshipper of Hepliaklqana the Forgotten
  2664 | D:4      | Lost mutation: You have sharp toenails. [demonic ancestry]
  2664 | D:4      | Gained mutation: You have large cloven feet. [demonic
                  | ancestry]
  2664 | D:4      | Reached XP level 6. HP: 22/48 MP: 6/6
  3076 | D:4      | Reached XP level 7. HP: 55/55 MP: 7/7
  3459 | D:4      | Reached skill level 5 in Fighting
  3796 | D:4      | Reached * piety under Hepliaklqana
  4127 | D:5      | Entered Level 5 of the Dungeon
  4138 | D:5      | Found Zoc Giot's Antique Armour Shop.
  4301 | D:5      | Found a snail-covered altar of Cheibriados.
  4301 | D:5      | Found a blossoming altar of Fedhas.
  4404 | D:5      | Reached skill level 5 in Shields
  4437 | D:5      | Reached skill level 5 in Armour
  4437 | D:5      | Gained mutation: You have hoof-like feet. [demonic
                  | ancestry]
  4437 | D:5      | Reached XP level 8. HP: 54/56 MP: 8/8
  4913 | D:6      | Found a transporter.
  4917 | D:6      | Found an opulent altar of Gozag.
  4917 | D:6      | Noticed a slime creature
  4966 | D:6      | Reached skill level 1 in Invocations
  5149 | D:6      | Noticed Pikel
  5165 | D:6      | Killed Pikel
  5166 | D:6      | Reached skill level 6 in Fighting
  5166 | D:6      | Reached skill level 5 in Polearms
  5166 | D:6      | Reached skill level 1 in Dodging
  5168 | D:6      | Noticed Prince Ribbit
  5194 | D:6      | Killed Prince Ribbit
  5205 | D:6      | Upgraded the game from 0.31-a0-836-g3ceb0a68c4 to
                  | 0.31-a0-841-g038b102fc3
  5287 | D:6      | Found a transporter.
  5347 | D:6      | Killed from afar by an orc priest

Illustrated notes

Levels and vault maps discovered:
D:1:      nzn_arrival_depleted_hourglass, layout_basic
D:2:      layout_rooms, serial_shops, shop, nicolae_diamond_shop, shop,
          minmay_misc_feat_room
D:3:      layout_loops_ring
D:4:      minmay_thinvault, layout_loops_corners, minmay_temple_entry_offerings
D:5:      layout_basic, nicolae_overflow_two_pavilions, serial_shops,
          shop_fountains
D:6:      layout_basic, gammafunk_temple_overflow_arena, minmay_strange_pillars,
          uniq_eustachio, uniq_prince_ribbit1, uniq_pikel
Temple:   cyrus_circular_temple

Skill      XL: |  1  2  3  4  5  6  7  8 |
---------------+-------------------------+-----
Polearms       | 2 3 4 5 |  5.2
Shields        | 3 4 5 |  5.7
Armour         | 3 4 5 |  5.7
Fighting       | 4 5 6 |  6.1
Invocations    | 3 |  3.3
Dodging        | 2 |  2.2

Action                     |  1- 3 |  4- 6 |  7- 9 || total
---------------------------+-------+-------+-------++-------
  Melee: Trident           |   112 |    11 |    13 ||   136
         Dagger            |       |   206 |   180 ||   386
         Kick              |       |    16 |    26 ||    42
 Invoke: Recall Ancestor   |       |       |     1 ||     1
    Use: Potion            |       |     6 |       ||     6
   Stab: Sleeping          |     3 |     6 |     4 ||    13
         Distracted        |     1 |       |     1 ||     2
         Invisible         |       |     1 |       ||     1
 Armour: Scale mail        |    61 |    92 |   119 ||   272
         Skin              |       |    11 |       ||    11
  Dodge: Dodged            |    47 |    74 |    59 ||   180
  Block: Buckler           |    24 |    86 |   114 ||   224

Table legend: (Time is in decaauts)
 A = Elapsed time spent in this place.
 B = Non-inter-level travel time spent in this place.
 C = Inter-level travel time spent in this place.
 D = Time resting spent in this place.
 E = Time spent auto-exploring this place.
 F = Levels seen in this place.
 G = Mean time per level.
                   A        B        C        D        E       F      G
               +--------+--------+--------+--------+--------+-----+--------+
         Total |   5387 |   5272 |    115 |    249 |   3693 |   7 |  769.6 |
       Dungeon |   5351 |   5269 |     82 |    249 |   3693 |   6 |  891.8 |
        Temple |     35 |      2 |     33 |      0 |      0 |   1 |   35.0 |
               +--------+--------+--------+--------+--------+-----+--------+

Top non-repeatable levels by time:
     D:4: 1599 daAuts
     D:3: 985 daAuts
     D:1: 967 daAuts
     D:5: 714 daAuts
     D:2: 576 daAuts
     D:6: 508 daAuts
  Temple: 35 daAuts
